 Dungeon Crawl Stone Soup version 0.29.1-12-g30fa7ad0bf (webtiles) character file.

Game seed: 12837087938852862407

65 nshep25 the Conjurer (level 3, -6/14 HPs)
             Began as a Felid Conjurer on Jan 9, 2023.
             Was a Believer of Dithmenos.
             Killed from afar by Natasha (20 damage)
             ... with a bolt of light
             ... on level 3 of the Dungeon.
             The game lasted 00:07:05 (3793 turns).

nshep25 the Conjurer (Felid Conjurer)               Turns: 3793, Time: 00:07:05

Health: -6/14      AC:  1    Str:  3    XL:     3   Next: 94%
Magic:  8/8        EV: 17    Int: 21    God:    Dithmenos [**....]
Gold:   166        SH:  0    Dex: 14    Spells: 5/8 levels left
                                        Lives:  0   Deaths: 1

rFire   . . .      SeeInvis +   (weapon unavailable)
rCold   . . .      Faith    .   (shield unavailable)
rNeg    . . .      Spirit   .   (body armour unavailable)
rPois   .          Reflect  .   (helmet unavailable)
rElec   .          Harm     .   (cloak unavailable)
rCorr   .          Rampage  .   (gloves unavailable)
Will    +....                   (boots unavailable)
Stlth   +.........              (no amulet)
HPRegen 0.04/turn               i - ring of flight
MPRegen 0.11/turn               e - ring of willpower

@: confused, flying, wreathed by umbra, quick
A: very small, claws 1, fangs 3, see invisible, speed 1, shaggy fur 1, stealthy
paws, no weapons or thrown items, no armour, multi-lived
a: Renounce Religion, Shadow Step


You were on level 3 of the Dungeon.
You worshipped Dithmenos.
Dithmenos was pleased with you.
You visited 1 branch of the dungeon, and saw 3 of its levels.

You collected 166 gold pieces.

Inventory:

Jewellery
 e - a ring of willpower (right paw)
 i - a ring of flight (left paw)
 m - the amulet "Oranlir" {Faith rPois Dex+4 Stlth+}
   (You found it on level 3 of the Dungeon)

   [amulet of faith]

   It allows you to gain divine favour quickly.
   Dex:       It affects your dexterity (+4).
   rPois:     It protects you from poison.
   Stlth:     It makes you more stealthy.
Wands
 r - a wand of mindburst (14)
Scrolls
 c - a scroll of noise
 d - a scroll of teleportation
 f - 2 scrolls of immolation {unknown}
 g - a scroll of enchant armour {unknown}
 h - 2 scrolls of identify {unknown}
 j - a scroll of fog {unknown}
 l - 2 scrolls of magic mapping {unknown}
 o - 3 scrolls of fear {unknown}
 p - a scroll of poison {unknown}
Potions
 a - a potion of magic
 b - a potion of berserk rage {unknown}
 k - a potion of mutation {unknown}
 n - 2 potions of curing {unknown}
 q - a potion of flight {unknown}


   Skills:
 + Level 2.9 Dodging
 + Level 3.7 Stealth
 * Level 3.3 Spellcasting
 + Level 4.6 Conjurations


You had 5 spell levels left.
You knew the following spells:

 Your Spells              Type           Power      Damage    Failure   Level
a - Magic Dart            Conj           92%        1d7       1%          1
b - Searing Ray           Conj           46%        2d6       3%          2

Your spell library contained the following spells:

 Spells                   Type           Power      Damage    Failure   Level
 Foxfire                  Conj/Fire      52%        2x1d6     4%          1
 Conjure Flame            Conj/Fire      13%        6-21      14%         3
 Dazzling Flash           Conj/Hex       26%        N/A       14%         3
 Confusing Touch          Hex            3%         N/A       36%         3
 Inner Flame              Hex/Fire       3%         N/A       36%         3
 Flame Wave               Conj/Fire      13%        2d6       43%         4
 Fulminant Prism          Conj/Hex       6%         3d7       43%         4
 Iskenderun's Mystic Bla  Conj/Tloc      13%        2d5       43%         4
 Yara's Violent Unravell  Hex/Tmut       1%         3d3       98%         5
 Enfeeble                 Hex            1%         N/A       100%        7


Dungeon Overview and Level Annotations

Branches:
Dungeon (3/15)

Altars:
Dithmenos

Annotations:
D:3 1 runed translucent door, Natasha; ctx's ghost, weakling GnEE


Innate Abilities, Weirdness & Mutations

You have sharp claws.
You have razor-sharp teeth.
You have supernaturally acute eyesight. (SInv)
You cover ground quickly. (Speed+)
You are covered in fur. (AC +1)
Your paws help you pounce on unaware monsters.
You are incapable of wielding weapons or throwing items.
You cannot wear armour.
You gain extra lives every three experience levels.


Message History

Casting: Searing Ray (safe; 3% risk of failure)
Confirm with . or Enter, or press ? or * to list all spells.
Aiming: Searing Ray (safe; 3% risk of failure)
Press: ? - help, Shift-Dir - straight line, f - Natasha
Aim: Natasha, carrying a wand of light (6) (72% to hit)
You miscast Searing Ray.
You are very lightly contaminated with residual magic.
Nothing appears to happen.
Natasha zaps a wand.
The bolt of light hits you!
You are confused.
Ouch! That really hurt!
* * * LOW HITPOINT WARNING * * *
You're too confused to cast spells.
You bump into the rock wall.
You're too confused to cast spells.
You bump into the rock wall.
You feel less confused. Natasha casts a spell at you. The magic dart hits you!
Ouch! That really hurt!
You die...
You are now level 3!
You rejoin the land of the living...
You start waiting.
Done waiting.
As you read the scroll labelled ETONWEBLIE, it crumbles to dust.
You hear a loud clanging noise!
It was a scroll of noise.
As you read the scroll labelled YZENEV NEDY, it crumbles to dust.
You feel strangely unstable.
It was a scroll of teleportation.
Your surroundings suddenly seem different.
Natasha hisses angrily.
Natasha howls an incantation.
You feel troubled.
Casting: Searing Ray (safe; 3% risk of failure)
Confirm with . or Enter, or press ? or * to list all spells.
You can't see any susceptible monsters within range! (Use Z to cast anyway.) Natasha zaps a wand.
The bolt of light hits you!!
You are confused.
Ouch! That really hurt!
You die...

.###.###.#### #.#.##.## .###.#
#....###.#.#.#.##
.....###.##.h.#.#..###.###
..##.....####†....## ##..#
.)######.# ###.#..###.#.# ..# #.#
#.#.#.#.##.# ..#
#.######.#.##.###.#######
..######........#.##...........#
#.....##)...h...@.##...........##
#.###.###.#.#.######.............
#.# #.##...###..†..†...........##
..# #.##....#..#####.....#.....#
### #.##...#.#.# ###.###....##
#.######.#.# #.# ####†# #.# #.#.#
#.# #.# #.# #.#.# #.# #.# #.#
#.#.# #.# ##.###


You could see Natasha.

Vanquished Creatures
  Natasha (twice) (D:3)
  2 adders
  A worm (D:2)
  4 dart slugs
  4 orcs (D:3)
  A ball python (D:1)
  6 endoplasms
  2 giant cockroaches (D:3)
  3 goblins
  8 hobgoblins
  6 kobolds
  3 quokkas
  A bat (D:1)
  3 frilled lizards (D:2)
  3 rats
49 creatures vanquished.

Notes
Turn   | Place    | Note
-------+----------+-------------------------------------------
     0 | D:1      | nshep25 the Felid Conjurer began the quest for the Orb.
     0 | D:1      | Reached XP level 1. HP: 7/7 MP: 4/4
   494 | D:1      | Reached XP level 2. HP: 11/11 MP: 3/6
   570 | D:1      | Reached skill level 4 in Conjurations
   582 | D:1      | Noticed a floating eye
   617 | D:1      | Learned a level 2 spell: Searing Ray
   617 | D:1      | Found a faded altar of an unknown god.
   620 | D:1      | Noticed a shining eye
   620 | D:1      | Noticed a floating eye
   620 | D:1      | Noticed a shining eye
   639 | D:1      | Prayed at the altar of an unknown god.
   639 | D:1      | Became a worshipper of Dithmenos the Shadowed
   639 | D:1      | Reached * piety under Dithmenos
  1389 | D:2      | Identified the +4 spear of Modesty {freeze, *Slow Str+5}
  2080 | D:2      | Reached XP level 3. HP: 14/14 MP: 2/7
  2528 | D:3      | Identified the amulet "Oranlir" {Faith rPois Dex+4 Stlth+}
  2940 | D:3      | Reached XP level 4. HP: 18/18 MP: 6/9
  3006 | D:3      | Noticed Natasha
  3012 | D:3      | Killed Natasha
  3129 | D:3      | Reached ** piety under Dithmenos
  3206 | D:3      | Found a runed translucent door.
  3211 | D:3      | Noticed ctx's ghost (weakling GnEE)
  3477 | D:3      | Noticed Natasha
  3481 | D:3      | Killed Natasha
  3663 | D:3      | Noticed Natasha
  3668 | D:3      | Killed from afar by Natasha
  3669 | D:3      | Reached XP level 3. HP: -7/14 MP: 8/8
  3793 | D:3      | Killed from afar by Natasha

Illustrated notes

Levels and vault maps discovered:
D:1:      minmay_arrival_jagged, layout_loops_ring,
          hellmonk_ecumenical_altar_watching_god, hangedman_decor_points
D:2:      minmay_angry_zag, layout_loops_cross
D:3:      layout_loops_ring, fedhas_altar_4, ebering_ghost_reflecting_pool,
          uniq_natasha, uniq_jessica

Skill      XL: |  1  2  3  4 |
---------------+-------------+-----
Conjurations   | 4 |  4.6
Stealth        | 3 |  3.7
Spellcasting   | 3 |  3.3
Dodging        | |  2.9

Action                   |  1- 3 |  4- 6 || total
-------------------------+-------+-------++-------
 Cast: Magic Dart        |    69 |    28 ||    97
       Searing Ray       |     9 |     2 ||    11
  Use: Scroll            |     2 |       ||     2
Dodge: Dodged            |     8 |     2 ||    10
